 Dungeon Crawl Stone Soup version 0.24.1-14-gf8d2b509d9 (webtiles) character file.

Game seed: 8211735967883511902, levelgen mode: deterministic

41617 TittyCrusher the Bludgeoner (level 14, -6/124 HPs)
             Began as a Formicid Fighter on Nov 12, 2022.
             Was a High Priest of Cheibriados.
             Killed from afar by Azrael (43 damage)
             ... with a bolt of fire
             ... on level 13 of the Dungeon on Jan 9, 2023.
             The game lasted 01:01:48 (20157 turns).

TittyCrusher the Bludgeoner (Formicid Fighter)     Turns: 20157, Time: 01:01:49

Health: -6/124     AC: 30    Str: 34    XL:     14   Next: 51%
Magic:  13/17      EV: 19    Int: 27    God:    Cheibriados [*****.]
Gold:   278        SH: 15    Dex: 27    Spells: 7/13 levels left

rFire    . . .     SeeInvis +   a - +1 morningstar
rCold    . . .     Gourm    .   c - +0 shield
rNeg     + . .     Faith    .   (armour currently unavailable)
rPois    ∞         Spirit   .   (helmet unavailable)
rElec    +         Reflect  .   v - +1 cloak
rCorr    .         Harm     .   (gloves currently unavailable)
MR       +....                  (boots currently unavailable)
Stlth    ++........             y - amulet of the acrobat
HPRegen  0.30/turn              A - ring of poison resistance
MPRegen  0.15/turn              K - ring of flight

@: brilliant, statue-form, very slow
A: permanent stasis, dig shafts and tunnels, four strong arms, antennae 3, low
mp 1, wild magic 1
a: Dig, Shaft Self, End Transformation, Bend Time, Temporal Distortion, Slouch,
Step From Time, Renounce Religion, Evoke Flight


You were on level 13 of the Dungeon.
You worshipped Cheibriados.
Cheibriados was extremely pleased with you.
You were full.
You were a stone statue.
You visited 3 branches of the dungeon, and saw 22 of its levels.

You collected 1588 gold pieces.
You spent 1310 gold pieces at shops.

Inventory:

Hand Weapons
 a - a +1 morningstar (weapon)
 b - a +0 hunting sling of flaming
 w - a +1 flail of draining
Missiles
 k - 92 sling bullets
 n - 111 bolts
 o - 483 stones
 q - a throwing net (quivered)
Armour
 c - a +0 shield (worn)
 i - a +1 scale mail of fire resistance
 t - a +0 pair of boots of flying
 u - the +2 scale mail of Focus {rPois}
   (You took it off an orc on level 4 of the Dungeon)

   It protects you from poison.
 v - a +1 cloak (worn)
 E - a +1 pair of gloves (melded)
 F - a +1 pair of boots (melded)
 M - a +3 troll leather armour {Snorg}
 R - the +1 leather armour of the Bulwark {+Fly rF+ rC+ MR-}
   (You found it on level 5 of the Lair of Beasts)

   It protects you from fire.
   It protects you from cold.
   It affects your resistance to hostile enchantments.
   It lets you fly.
 S - the +7 Kryia's mail coat (melded) {PotionHeal*2 rC+}
   (You bought it in a shop on level 15 of the Dungeon)

   It protects you from cold.
Magical Staves
 r - an uncursed staff of poison
 H - an uncursed staff of earth
Jewellery
 y - an amulet of the acrobat (around neck)
 A - a ring of poison resistance (left hand)
 K - a ring of flight (right hand)
Wands
 h - a wand of digging (16)
 m - a wand of paralysis (10)
 p - a wand of flame (32)
 x - a wand of polymorph (13)
 J - a wand of enslavement (11)
 N - a wand of clouds (3)
 P - a wand of scattershot (7)
Scrolls
 e - a scroll of holy word
 g - 6 scrolls of amnesia
 j - 11 scrolls of remove curse
 z - 3 scrolls of immolation
 B - a scroll of fog
 G - a scroll of identify
 L - a scroll of fear
 Q - a scroll of brand weapon
 T - a scroll of silence
Potions
 d - 3 potions of flight
 l - 7 potions of curing
 s - a potion of resistance
 C - 4 potions of ambrosia
 D - 9 potions of lignification
Miscellaneous
 O - a lamp of fire (inert)
Comestibles
 f - 31 rations


   Skills:
 - Level 4.8 Fighting
 - Level 15.9 Maces & Flails
 - Level 8.6 Armour
 - Level 7.2 Dodging
 - Level 10.3 Shields
 + Level 7.2 Transmutations
 + Level 8.0 Earth Magic
 - Level 7.7 Invocations
 - Level 3.7 Evocations


You had 7 spell levels left.
You knew the following spells:

 Your Spells              Type           Power        Failure   Level  Hunger
a - Statue Form           Tmut/Erth      ######...    12%         6    #######

Your spell library contained the following spells:

 Spells                   Type           Power        Failure   Level  Hunger
 Beastly Appendage        Tmut           ######       1%          1    ##.....
 Sticks to Snakes         Tmut           ######..     1%          2    ###....
 Spider Form              Tmut/Pois      #####.....   1%          3    ####...
 Magic Dart               Conj           ###.         2%          1    ##.....
 Shock                    Conj/Air       ###.         2%          1    ##.....
 Call Imp                 Summ           ###.....     3%          2    ###....
 Shroud of Golubria       Chrm/Tloc      ###...       3%          2    ###....
 Slow                     Hex            ###.....     3%          2    ###....
 Swiftness                Chrm/Air       ###.....     3%          2    ###....
 Blade Hands              Tmut           ######....   3%          5    ######.
 Ice Form                 Ice/Tmut       #####...     4%          4    #####..
 Conjure Flame            Conj/Fire      ###.....     5%          3    ####...
 Gell's Gravitas          Tloc           ###.......   5%          3    ####...
 Lesser Beckoning         Tloc           ###.......   5%          3    ####...
 Mephitic Cloud           Conj/Pois/Air  ###.....     5%          3    ####...
 Static Discharge         Conj/Air       ###.....     5%          3    ####...
 Teleport Other           Tloc           ###.....     5%          3    ####...
 Irradiate                Conj/Tmut      #####.....   11%         5    ######.
 Hydra Form               Tmut           ######....   13%         6    #######
 Airstrike                Air            ###.......   16%         4    #####..
 Passage of Golubria      Tloc           N/A          16%         4    #####..
 Lightning Bolt           Conj/Air       ###.......   34%         5    ######.
 Dragon Form              Tmut           ######....   47%         7    #######
 Blink                    Tloc           Unusable     N/A         2    N/A

Dungeon Overview and Level Annotations

Branches:
Dungeon (15/15)            Temple (1/1) D:5            Lair (6/6) D:9
 Shoals (0/4) Lair:2        Snake (0/4) Lair:3        Slime (0/5) Lair:5
    Orc (0/2) D:12         Depths (0/5) D:15
 Vaults: D:13-14

Altars:
Ashenzari
Cheibriados
Dithmenos
Elyvilon
Fedhas
Gozag
Hepliaklqana
Kikubaaqudgha
Makhleb
Nemelex Xobeh
Okawaru
Qazlal
Ru
Sif Muna
Trog
Uskayaw
Vehumet
Wu Jian
Xom
The Shining One
Jiyva

Shops:
D:6 !   D:13 [*:   D:14 =   D:15 [

Annotations:
D:10 exclusion: downstairs
D:13 Azrael
Lair:2 exclusion: downstairs
Lair:5 exclusion: 4 oklob plants
Lair:6 Rupert


Innate Abilities, Weirdness & Mutations

You cannot be hasted, slowed, berserked, paralysed or teleported.
You can dig through walls and to a lower floor.
Your four strong arms can wield two-handed weapons with a shield.
You have a pair of large antennae on your head. (SInv)
Your magical capacity is low. (-10% MP)
Your spells are a little harder to cast, but a little more powerful.


Message History

You hit Azrael.
Azrael is severely wounded.
Azrael gestures at you. The bolt of fire hits you!
You hit Azrael.
Azrael is severely wounded.
Azrael gestures at you.
The fireball explodes!
The fireball engulfs you!
* * * LOW HITPOINT WARNING * * *
The fireball engulfs Azrael.
Azrael completely resists.
Unknown command.
You hit Azrael.
Azrael is severely wounded.
Azrael gestures at you. You block the sticky flame. Azrael blocks your attack.
Azrael is severely wounded.
Azrael gestures at you. The bolt of fire hits you!!!
You die...

###..#.#...##.....#[#.#,*,*,*,#.#
######.....##.p:..#'#'#'*+*+*+#.#
........☼#........'.....,,,,,,#..
.###...##○{.......'...,,,,,,,∩#..
.# #...##.........'..,,,,,,,,,#..
.# #...##......{{.#'#+*+*+*+*+#..
####..^##.######{##≈,≈≈≈,,,,≈≈#..
#..'...'.?# ##R#############..
#.##...†### #8#.#.#.#.#.#.#...
#.##...#.## ####.#.#.#.#.#.#..
#.##...##)# #############..
..######.## ### ### ### ## .# .#
.#


You could see Azrael.

Vanquished Creatures
  Snorg (Lair:3)
  Josephine (D:9)
  2 vault guards (D:12)
  6 hydras
  3 centaur warriors
  A two-headed ogre (D:8)
  2 death yaks
  A tengu warrior (D:13)
  3 fire crabs
  A sea snake (D:14)
  An unseen horror (D:15)
  2 ugly things
  A manticore (Lair:2)
  2 black mambas (Lair:5)
  Psyche (D:8)
  A gargoyle (D:10)
  6 spiny frogs
  A spiny frog (shapeshifter) (D:15)
  A centaur zombie (D:12)
  A kobold demonologist (D:7)
  A rime drake (Lair:2)
  6 komodo dragons
  3 tengu conjurers
  5 trolls
  A hornet (D:12)
  2 polar bears (Lair:4)
  10 hippogriffs
  3 slime creatures (D:15)
  4 dream sheep (Lair:4)
  3 blink frogs (Lair:4)
  3 wraiths (D:10)
  16 yaks
  2 wyverns
  Grum (D:10)
  2 basilisks (Lair:2)
  8 humans
  2 fire elementals
  Eustachio (D:6)
  3 nagas (Lair:3)
  2 soldier ants
  13 water moccasins
  6 porcupines
  A sky beast (D:5)
  2 hell hounds (D:13)
  2 black bears
  3 ice beasts
  4 orc warriors
  2 phantoms
  5 ogres
  3 boggarts (D:15)
  9 centaurs
  5 wolves
  A big kobold (D:9)
  7 crocodiles
  Blork the orc (D:4)
  9 bullfrogs
  A wyvern zombie (D:13)
  2 wyvern skeletons
  2 scorpions
  8 killer bees
  7 howler monkeys
  3 crimson imps
  2 quasits
  A centaur skeleton (D:8)
  2 jellies
  7 hounds
  12 orc wizards
  5 orc priests
  Terence (D:3)
  3 bullfrog skeletons
  Natasha (twice) (D:2)
  An iguana (D:13)
  5 worker ants
  2 hound skeletons
  2 worker ant zombies
  2 gnolls
  A howler monkey skeleton (D:7)
  11 adders
  3 shadow imps
  An ooze (D:6)
  A worm (D:2)
  A dart slug (D:4)
  6 leopard geckos
  72 orcs
  4 giant cockroaches
  9 hobgoblins
  7 jackals
  18 kobolds
  6 quokkas
  4 ball pythons
  14 bats
  4 frilled lizards
  8 goblins
  A jackal skeleton (D:5)
  A jackal zombie (D:6)
  A leopard gecko skeleton (D:2)
  5 rats
437 creatures vanquished.

Vanquished Creatures (others)
  7 fungi
  A plant (Lair:5)
  A withered plant (D:15)
9 creatures vanquished.

Grand Total: 446 creatures vanquished

Notes
Turn   | Place    | Note
-------+----------+-------------------------------------------
     0 | D:1      | TittyCrusher the Formicid Fighter began the quest for the
                  | Orb.
     0 | D:1      | Reached XP level 1. HP: 18/18 MP: 1/1
   137 | D:1      | Reached XP level 2. HP: 22/24 MP: 2/2
   319 | D:1      | Reached skill level 3 in Maces & Flails
   412 | D:1      | Reached XP level 3. HP: 29/29 MP: 3/3
   590 | D:2      | Found a radiant altar of Vehumet.
  1051 | D:2      | Reached skill level 4 in Maces & Flails
  1051 | D:2      | Reached XP level 4. HP: 33/35 MP: 4/4
  1715 | D:3      | Noticed Natasha
  1746 | D:2      | Killed Natasha
  1746 | D:2      | Reached skill level 5 in Maces & Flails
  1746 | D:2      | Reached XP level 5. HP: 18/41 MP: 5/5
  2152 | D:2      | Noticed Natasha
  2193 | D:2      | Killed Natasha
  2193 | D:2      | Reached XP level 6. HP: 40/47 MP: 6/6
  2316 | D:3      | Reached skill level 6 in Maces & Flails
  2361 | D:3      | Noticed Terence
  2399 | D:3      | Killed Terence
  2879 | D:4      | Noticed an orc warrior
  2895 | D:4      | Killed an orc warrior
  2895 | D:4      | Reached skill level 7 in Maces & Flails
  2895 | D:4      | Reached XP level 7. HP: 52/52 MP: 7/7
  2934 | D:4      | Identified the +2 scale mail of Focus {rPois}
  3014 | D:4      | Noticed Blork the orc
  3017 | D:4      | Reached skill level 14 in Maces & Flails
  3017 | D:4      | Reached XP level 8. HP: 58/58 MP: 8/8
  3028 | D:4      | Killed Blork the orc
  3463 | D:4      | Found a burning altar of Makhleb.
  3526 | D:5      | Entered Level 5 of the Dungeon
  3704 | D:5      | Found a staircase to the Ecumenical Temple.
  3720 | Temple   | Entered the Ecumenical Temple
  3760 | Temple   | Became a worshipper of Cheibriados the Contemplative
  4506 | D:6      | Reached XP level 9. HP: 64/64 MP: 9/9
  4535 | D:6      | Noticed Eustachio
  4563 | D:6      | Killed Eustachio
  4582 | D:6      | Found an ancient bone altar of Kikubaaqudgha.
  4605 | D:6      | Found Nauvomiz's Distillery.
  4624 | D:6      | Bought a potion of mutation for 80 gold pieces
  4624 | D:6      | Gained mutation: Your magical capacity is low. (-10% MP)
                  | [potion of mutation]
  4624 | D:6      | Gained mutation: Your spells are a little harder to cast,
                  | but a little more powerful. [potion of mutation]
  4627 | D:6      | Bought a potion of curing for 30 gold pieces
  4627 | D:6      | Bought a potion of curing for 30 gold pieces
  4627 | D:6      | Bought a potion of might for 40 gold pieces
  4627 | D:6      | Bought a potion of curing for 30 gold pieces
  4627 | D:6      | Bought a potion of curing for 30 gold pieces
  4627 | D:6      | Bought a potion of ambrosia for 80 gold pieces
  4627 | D:6      | Bought a potion of lignification for 30 gold pieces
  4916 | D:6      | Found an ornate altar of the Wu Jian Council.
  5345 | D:7      | Reached * piety under Cheibriados
  5459 | D:7      | Noticed a troll
  5468 | D:7      | Killed a troll
  5507 | D:7      | Found a white marble altar of Elyvilon.
  5659 | D:7      | Reached skill level 15 in Maces & Flails
  5876 | D:7      | Noticed a kobold demonologist
  5911 | D:7      | Killed a kobold demonologist
  6190 | D:8      | Reached XP level 10. HP: 70/70 MP: 9/9
  6218 | D:8      | Found a bloodstained altar of Trog.
  6270 | D:8      | Noticed a two-headed ogre
  6278 | D:8      | Killed a two-headed ogre
  6308 | D:8      | Reached ** piety under Cheibriados
  6315 | D:8      | Noticed Psyche
  6337 | D:8      | Killed Psyche
  6500 | D:8      | Found a shimmering blue altar of Sif Muna.
  6708 | D:8      | Found an iron altar of Okawaru.
  6828 | D:9      | Reached skill level 1 in Invocations
  7077 | D:9      | Reached *** piety under Cheibriados
  7100 | D:9      | Found a shimmering blue altar of Sif Muna.
  7151 | D:9      | Identified Sif Muna's Grimoire of Lightness
  7635 | D:9      | Found a staircase to the Lair.
  7767 | D:10     | Entered Level 10 of the Dungeon
  7767 | D:10     | Noticed Josephine
  7788 | D:9      | Killed Josephine
  8102 | D:10     | Noticed a gargoyle
  8114 | D:10     | Killed a gargoyle
  8114 | D:10     | Reached skill level 5 in Invocations
  8114 | D:10     | Reached XP level 11. HP: 75/75 MP: 11/13
  8682 | D:10     | Noticed Grum
  8685 | D:10     | Reached **** piety under Cheibriados
  8696 | D:10     | Killed Grum
  9033 | Lair:1   | Entered Level 1 of the Lair of Beasts
  9042 | Lair:1   | Reached skill level 5 in Armour
  9584 | D:11     | Noticed a seven-headed hydra
 10715 | D:11     | Killed a seven-headed hydra
 11355 | Lair:1   | Noticed a six-headed hydra
 11365 | Lair:1   | Killed a six-headed hydra
 11365 | Lair:1   | Reached skill level 5 in Shields
 11365 | Lair:1   | Reached XP level 12. HP: 63/81 MP: 15/15
 12010 | Lair:2   | Found a staircase to the Shoals.
 12551 | Lair:2   | Reached ***** piety under Cheibriados
 12966 | Lair:3   | Noticed Snorg
 13317 | Lair:3   | Found a staircase to the Snake Pit.
 13499 | Lair:3   | Killed Snorg
 13499 | Lair:3   | Reached skill level 10 in Shields
 13529 | Lair:3   | Noticed a seven-headed hydra
 13537 | Lair:3   | Killed a seven-headed hydra
 13996 | Lair:3   | Noticed a fire crab
 14012 | Lair:3   | Killed a fire crab
 14585 | Lair:4   | Reached XP level 13. HP: 86/86 MP: 16/16
 14585 | Lair:4   | Reached skill level 5 in Dodging
 15098 | Lair:4   | Noticed a six-headed hydra
 15119 | Lair:4   | Killed a six-headed hydra
 15174 | Lair:4   | Found a runed translucent door.
 15244 | Lair:4   | Noticed a four-headed hydra
 15256 | Lair:4   | Killed a four-headed hydra
 15656 | Lair:4   | Found a sacrificial altar of Ru.
 15716 | Lair:4   | Reached skill level 1 in Evocations
 16224 | Lair:4   | Noticed an entropy weaver
 16227 | Lair:4   | You fall into a shaft and drop 2 floors!
 16227 | Lair:6   | Entered Level 6 of the Lair of Beasts
 16634 | Lair:5   | Found a viscous altar of Jiyva.
 16634 | Lair:5   | Found a staircase to the Slime Pits.
 16785 | Lair:5   | Got an ichor-stained leather armour
 16787 | Lair:5   | Identified the +1 leather armour of the Bulwark {+Fly rF+
                  | rC+ MR-} (You found it on level 5 of the Lair of Beasts)
 17224 | Lair:6   | Learned a level 6 spell: Statue Form
 17292 | Lair:6   | Noticed Rupert
 17517 | D:12     | Reached skill level 1 in Earth Magic
 17523 | D:12     | Reached skill level 1 in Transmutations
 17913 | D:12     | You fall into a shaft and drop 3 floors!
 17913 | D:15     | Entered Level 15 of the Dungeon
 17913 | D:15     | Found Ofug Aqo's Armour Boutique.
 17916 | D:15     | Noticed a centaur warrior
 17917 | D:15     | Bought the +7 Kryia's mail coat {PotionHeal*2 rC+} for 960
                  | gold pieces
 17917 | D:15     | Found the +7 Kryia's mail coat {PotionHeal*2 rC+}
 17971 | D:15     | Reached XP level 14. HP: 96/96 MP: 17/17
 18036 | D:14     | Found a shadowy altar of Dithmenos.
 18039 | D:14     | Found Dauheets's Jewellery Shop.
 18111 | D:14     | Reached skill level 5 in Earth Magic
 18116 | D:14     | Noticed Nessos
 18120 | D:14     | Noticed Nessos
 18120 | D:14     | Nessos changed into Nessos the sea snake
 18134 | D:14     | Killed Nessos the sea snake
 18134 | D:14     | Reached skill level 5 in Transmutations
 18297 | D:13     | Found Ecziprul's Antique Armour Boutique.
 18662 | D:12     | Found a staircase to the Orcish Mines.
 18973 | D:13     | Found Fuananiy's General Store.
 19029 | D:13     | Found Ceowix's Book Shoppe.
 19745 | D:13     | Noticed Azrael
 20157 | D:13     | Killed from afar by Azrael

Levels and vault maps discovered:
D:1:      elethiomel_arrival_quiet, layout_basic, minmay_ruptured
D:2:      layout_loops_cross, fiery_altar_vehumet, first_ration
D:3:      layout_basic, serial_glass, glass_columns_c, glass_columns_a,
          glass_columns_a, glass_columns_b, uniq_natasha, uniq_terence
D:4:      layout_basic, lemuel_doored_altar, uniq_blork_the_orc
D:5:      layout_loops_ring, minmay_temple_entry_butterflies
D:6:      layout_loops_cross, old_standard_altar, marbit_many_paths,
          serial_shops, shop_statue, uniq_eustachio
D:7:      layout_basic, kennysheep_little_box, minmay_misc_feat_encased,
          grunt_ogre_cave, minmay_holes, kb_rosetta
D:8:      layout_rooms, nicolae_overflow_hidden_temple, old_standard_altar,
          uniq_psyche
D:9:      layout_cave_pods, lair_entry_dummy, led_sif_book
D:10:     layout_loops_cross, uniq_grum, uniq_josephine
D:11:     layout_cross
D:12:     layout_irregular_city, hiddenorc1_lemuel
D:13:     layout_basic, ximxim_vaults_locker_room, serial_shops,
          nicolae_shop_trees, nicolae_shop_trees, nicolae_shop_stone,
          glass_columns_c, uniq_azrael
D:14:     layout_long_grid, serial_shops, shop, nicolae_shop_statue_plus,
          nicolae_shop_temple_entry_statues_fountains,
          nicolae_shop_window_shopping, nicolae_shop_statue_plus,
          nicolae_gozag_zags_fifth_avenue, grunt_ministairs_14,
          grunt_dithmenos_smoke, uniq_nessos
D:15:     gammafunk_depths_entry_grave, layout_loops_ring, hex_tiny,
          serial_shops, nicolae_shop_crystal, nicolae_shop_behind_doors, shop,
          nicolae_shop_crystal
Temple:   eino_narrow_crystal_temple
Lair:1:   layout_cave_shapes, infiniplex_staircase_pool_2, grunt_megastairs_4
Lair:2:   layout_cave_pods, minmay_shoals_entry_beasts, serial_bayou_shore_a
Lair:3:   layout_roguey, minmay_snake_entry_guardpost_small, uniq_snorg
Lair:4:   gammafunk_mikee_crab_dinner, layout_loops_ring, lemuel_centaur_altar,
          grunt_megastairs_2, lemuel_fruit_tree
Lair:5:   layout_long_grid, slime_altar_1, serial_bayou_shore_b,
          minmay_lair_oklob_chamber, grunt_megastairs_5
Lair:6:   hangedman_lair_in_review, layout_concentric_octagons,
          gauntlet_entry_generic, minivault_19, uniq_rupert

Skill      XL: |  1  2  3  4  5  6  7  8  9 10 11 12 13 14 |
---------------+-------------------------------------------+-----
Maces & Flails | 3 4 5 7 14 15 | 15.9
Invocations    | 5 6 7 |  7.7
Armour         | 8 |  8.6
Shields        | 5 10 | 10.3
Dodging        | 4 7 |  7.2
Fighting       | 4 |  4.8
Evocations     | 3 |  3.7
Earth Magic    | 4 8 |  8.0
Transmutations | 3 7 |  7.2

Action                   |  1- 3 |  4- 6 |  7- 9 | 10-12 | 13-15 || total
-------------------------+-------+-------+-------+-------+-------++-------
Melee: Flail             |   111 |   210 |    29 |       |       ||   350
       Morningstar       |       |       |   222 |   603 |   614 ||  1439
 Fire: Hunting sling     |       |     8 |       |     1 |     2 ||    11
Throw: Stone             |       |       |     2 |     4 |       ||     6
       Throwing net      |       |       |       |       |     1 ||     1
 Cast: Statue Form       |       |       |       |       |     1 ||     1
Invok: Bend Time         |       |       |       |     5 |     1 ||     6
       Temporal Distorti |       |       |       |     3 |     1 ||     4
       Slouch            |       |       |       |       |     4 ||     4
       Step From Time    |       |       |       |       |     1 ||     1
 Abil: Dig               |       |     6 |     4 |    18 |    20 ||    48
       Shaft Self        |       |       |       |       |     1 ||     1
Evoke: Wand              |       |       |     2 |    30 |     6 ||    38
       Lamp of fire      |       |       |       |       |     1 ||     1
  Use: Scroll            |     4 |     6 |     7 |     7 |    10 ||    34
       Potion            |     2 |     2 |     2 |    11 |     4 ||    21
 Stab: Held in net/web   |       |       |       |       |     1 ||     1
  Eat: Chunk             |     1 |     3 |     7 |     6 |     8 ||    25
       Ration            |       |     1 |     1 |     3 |     4 ||     9
Armor: Scale mail        |    48 |    84 |    58 |   174 |   100 ||   464
       Skin              |       |     2 |       |       |     1 ||     3
Dodge: Dodged            |    37 |    72 |    65 |   153 |   277 ||   604
Block: Shield            |    51 |    97 |    80 |   283 |   380 ||   891
